Map: [ESL] Royal Blood

Players

Bly

  • Race: Zerg Zerg
  • Spawn Location: 7:00

MaxPax - Winner!

  • Race: Protoss Protoss
  • Spawn Location: 1:00

Event: ESL SC2 Masters 2023 Summer (Regionals)

VOD

Have the link to the VOD?

Description

Time

  • Played on: May 3, 2023, 12:26 p.m.
  • Length: 7:34

All games in this series

Show
View Real Time Build Order
Export as new Build Order

Bly Zerg 

Build Orders: 3 Hatch before Pool 

Get SALT Encoding   

  12  0:00  Drone  
  13  0:13  Overlord  
  13  0:16  Drone  
  14  0:31  Drone x2  
  16  0:46  Drone  
  17  0:51  Drone  
  18  0:57  Hatchery  
  17  1:18  Hatchery  
  16  1:21  Drone  
  17  1:26  Drone  
  17  1:29  Drone  
  19  1:36  Extractor  
  18  1:43  Spawning Pool  
  18  1:46  Drone  
  18  1:49  Drone  
  18  1:53  Drone  
  20  2:07  Overlord  
  20  2:23  Overlord  
  20  2:31  Zergling x2  
  20  2:32  Queen, Zergling x4  
  20  2:34  Queen  
  27  2:43  Metabolic Boost  
  27  2:49  Drone x2  
  27  2:50  Zergling x2  
  30  2:56  Overlord  
  25  3:06  Spore Crawler  
  25  3:08  Zergling x2  
  25  3:09  Zergling x2  
  25  3:28  Drone x3  
  25  3:33  Zergling x6  
  30  3:41  Queen  
  30  3:44  Zergling x4  
  31  3:50  Extractor  
  28  3:57  Zergling x8  
  32  4:09  Zergling x4  
  34  4:12  Extractor  
  33  4:23  Drone x4  
  33  4:32  Baneling Nest  
  32  4:38  Drone  
  32  4:39  Drone  
  34  4:49  Zergling x4  
  34  4:50  Zergling x4  
  38  5:05  Zergling x2  
  38  5:06  Zergling x12  
  45  5:13  Zergling x4  
  40  5:34  Zergling x2  
  40  5:35  Zergling x6  
  46  5:41  Baneling x5  
  46  5:42  Baneling x3  
  44  5:43  Baneling  
  44  5:45  Baneling  
  44  5:53  Zergling x2  
  39  6:08  Baneling x2  
  39  6:13  Zergling x10  
  29  6:40  Zergling x2  
  29  6:41  Zergling x4  
  31  6:48  Zergling x18  
  40  7:06  Baneling x6  
  39  7:14  Zergling x2  
  39  7:15  Zergling x8  
Show
View Real Time Build Order
Export as new Build Order

MaxPax Protoss - Winner!

Build Orders:  

Get SALT Encoding   

  12  0:00  Probe  
  13  0:12  Probe  
  14  0:19  Pylon  
  14  0:25  Probe (Chrono Boost)  
  15  0:38  Probe (Chrono Boost)  
  15  0:39  Gateway  
  16  0:46  Probe (Chrono Boost)  
  16  0:48  Assimilator  
  17  0:53  Probe  
  18  1:05  Probe  
  18  1:07  Gateway  
  19  1:17  Pylon  
  19  1:24  Zealot (Chrono Boost)  
  19  1:29  Cybernetics Core  
  19  1:32  Probe  
  22  1:43  Zealot (Chrono Boost)  
  22  1:44  Probe  
  25  1:56  Probe  
  26  2:07  Adept (Chrono Boost)  
  28  2:08  Probe  
  28  2:13  Adept (Chrono Boost)  
  31  2:17  Assimilator  
  31  2:18  Warp Gate  
  31  2:23  Pylon  
  31  2:41  Probe, Adept x2  
  36  2:53  Probe  
  36  3:05  Probe  
  35  3:18  Probe, Nexus  
  36  3:20  Adept  
  38  3:36  Pylon  
  38  3:38  Probe  
  39  3:54  Adept  
  41  3:56  Probe  
  41  3:57  Twilight Council  
  42  4:08  Probe  
  43  4:21  Probe  
  43  4:24  Adept  
  41  4:30  Probe (Chrono Boost), Robotics Facility, Resonating Glaives (Chrono Boost)  
  42  4:34  Probe (Chrono Boost), Stalker  
  45  4:42  Probe (Chrono Boost)  
  47  4:50  Probe (Chrono Boost)  
  47  4:51  Probe (Chrono Boost)  
  48  4:53  Gateway  
  48  4:56  Gateway  
  48  4:57  Probe  
  49  5:01  Probe  
  50  5:08  Adept  
  50  5:09  Probe  
  50  5:13  Probe  
  54  5:16  Pylon  
  54  5:21  Probe, Pylon  
  54  5:25  Adept  
  55  5:29  Warp Prism (Chrono Boost)  
  55  5:33  Stalker  
  59  5:37  Probe x2  
  59  5:39  Pylon  
  61  5:47  Adept  
  61  5:48  Adept  
  65  5:51  Probe, Pylon  
  65  5:53  Probe  
  67  5:58  Sentry  
  67  5:59  Adept  
  65  6:07  Shield Battery  
  65  6:09  Adept, Sentry  
  65  6:10  Probe  
  71  6:13  Assimilator  
  70  6:19  Probe  
  66  6:28  Adept x2  
  67  6:32  Probe  
  67  6:37  Probe, Adept x2  
  70  6:42  Observer, Assimilator  
  70  6:44  Pylon  
  70  6:45  Probe  
  72  6:49  Stalker  
  72  6:51  Adept  
  76  6:59  Dark Shrine  
  74  7:08  Adept x2  
  74  7:11  Pylon  
  78  7:17  Adept x2  
  74  7:29  Adept x2  
Tags
 
Add a new tag
Caveats
  • Supply blocks, unpowered buildings, or Contaminate may cause inaccurate times.
  • Supply counts are checked every 10 seconds.